 Dungeon Crawl Stone Soup version 0.25-a0-110-ge29c8f2358 (webtiles) character file.

Game seed: 5044102720076275204, levelgen mode: deterministic

133 Leeroy the Slasher (level 4, 0/36 HPs)
             Began as a Draconian Skald on Nov 19, 2019.
             Slain by an iguana (5 damage)
             ... on level 3 of the Dungeon.
             The game lasted 00:05:41 (2582 turns).

Leeroy the Slasher (Draconian Skald)                Turns: 2582, Time: 00:05:41

Health: 0/36       AC:  5    Str: 13    XL:     4   Next: 93%
Magic:  7/7        EV: 12    Int: 14    God:
Gold:   99         SH:  0    Dex: 11    Spells: 6/7 levels left

rFire    . . .     SeeInvis .   b - +0 short sword (speed)
rCold    . . .     Gourm    .   (no shield)
rNeg     . . .     Faith    .   (armour unavailable)
rPois    .         Spirit   .   (helmet restricted)
rElec    .         Reflect  .   (no cloak)
rCorr    .         Harm     .   (no gloves)
MR       .....                  (no boots)
Stlth    +.........             (no amulet)
HPRegen  0.12/turn              (no ring)
MPRegen  0.10/turn              (no ring)

@: no status effects
A: unfitting armour, cold-blooded, AC +5
a: no special abilities


You were on level 3 of the Dungeon.
You were not hungry.

You visited 1 branch of the dungeon, and saw 3 of its levels.

You collected 99 gold pieces.

Inventory:

Hand Weapons
 a - a +0 falchion
 b - a +0 short sword of speed (weapon)
 e - a +0 dagger
 s - a +0 rapier
Missiles
 k - 5 curare-tipped darts
 q - 88 stones (quivered)
Scrolls
 d - a scroll of fear {unknown}
 f - a scroll of identify {unknown}
 g - 2 scrolls of remove curse {unknown}
 l - a scroll of magic mapping {unknown}
 o - a scroll of immolation {unknown}
Potions
 h - a potion of agility {unknown}
 i - a potion of berserk rage {unknown}
 j - a potion of curing
 m - a potion of brilliance {unknown}
 n - a potion of cancellation {unknown}
 p - a potion of resistance
Comestibles
 c - 3 rations
 r - a chunk of flesh


   Skills:
 - Level 2.1 Fighting
 + Level 5.2 Long Blades
 - Level 2.1 Dodging
 - Level 2.0 Spellcasting
 - Level 2.6 Charms


You had 6 spell levels left.
You knew the following spells:

 Your Spells              Type           Power        Failure   Level  Hunger
a - Infusion              Chrm           #...         8%          1    ##.....

Your spell library contained the following spells:

 Spells                   Type           Power        Failure   Level  Hunger
 Song of Slaying          Chrm           #.......     12%         2    ###....
 Shroud of Golubria       Chrm/Tloc      #.....       21%         2    ###....
 Regeneration             Chrm/Necr      #.........   38%         3    ####...
 Spectral Weapon          Hex/Chrm       #.......     38%         3    ####...


Dungeon Overview and Level Annotations

Branches:
Dungeon (3/15)

Altars:
Dithmenos
Kikubaaqudgha
Sif Muna
Uskayaw
Xom


Innate Abilities, Weirdness & Mutations

Your plain brown scales are hard. (AC +5)
You cannot fit into any form of body armour.
You are cold-blooded and may be slowed by cold attacks.


Message History

You hit the iguana.
You tail-slap the iguana, but do no damage.
The iguana is severely wounded.
The iguana closely misses you.
You barely miss the iguana.
The iguana is severely wounded.
You hit the iguana but do no damage.
You tail-slap the iguana, but do no damage.
The iguana is severely wounded.
The iguana bites you.
* * * LOW HITPOINT WARNING * * *
You closely miss the iguana.
The iguana is severely wounded.
The iguana misses you.
You hit the iguana.
The iguana is almost dead.
You closely miss the iguana.
The iguana is almost dead.
The iguana bites you.
You die...

##...## ##.....##
#.......# #.......#
###### #.......#
#....# ##.....##
#....#####
#.......####.........
#...@l..##...........
#.........÷..........
##....<.###..........
##......#...........
###.#....###.).....
#......###.#..†..
##....#.#..>...>..
......#...........
.............###.....


You could see an iguana.

Vanquished Creatures
  Terence (D:2)
  4 adders (D:2)
  3 worms (D:2)
  A dart slug (D:2)
  2 leopard geckos
  7 bats
  3 giant cockroaches
  6 goblins
  8 hobgoblins
  4 jackals
  6 kobolds
  A quokka (D:2)
  A ball python (D:2)
  4 frilled lizards
  7 rats
58 creatures vanquished.

Notes
Turn   | Place    | Note
-------+----------+-------------------------------------------
     0 | D:1      | Leeroy the Draconian Skald began the quest for the Orb.
     0 | D:1      | Reached XP level 1. HP: 17/17 MP: 3/3
    89 | D:1      | Reached XP level 2. HP: 24/24 MP: 5/5
   131 | D:1      | Reached skill level 3 in Long Blades
   497 | D:2      | Reached XP level 3. HP: 23/29 MP: 6/6
   578 | D:2      | Reached skill level 4 in Long Blades
   930 | D:2      | Found a shimmering blue altar of Sif Muna.
   931 | D:2      | Found an ancient bone altar of Kikubaaqudgha.
   933 | D:2      | Found a hide-covered altar of Uskayaw.
   995 | D:2      | Reached XP level 4. HP: 36/36 MP: 7/7
  1694 | D:2      | Found a shimmering altar of Xom.
  1752 | D:2      | Found a faded altar of an unknown god.
  1755 | D:2      | Noticed Terence
  1832 | D:2      | Killed Terence
  1832 | D:2      | Reached skill level 5 in Long Blades
  2100 | D:3      | Found a shadowy altar of Dithmenos.
  2145 | D:3      | HP: 1/36 [iguana (13)]
  2582 | D:3      | Slain by an iguana

Levels and vault maps discovered:
D:1:      dpeg_arrival_brainrot, layout_rooms, minmay_pentomino_t2
D:2:      layout_loops_ring, grunt_temple_overflow_open,
          chequers_ecumenical_altar_simple_redux, xom_teletrap_fun, uniq_terence
D:3:      layout_rooms, grunt_dithmenos_smoke, nicolae_ru_the_path_less_chosen,
          nicolae_overflow_hidden_temple, uniq_grinder

Skill      XL: |  1  2  3  4 |
---------------+-------------+-----
Long Blades    | 3 4 5 |  5.2
Fighting       | |  2.1
Dodging        | |  2.1
Spellcasting   | |  2.0
Charms         | |  2.6

Action                   |  1- 3 |  4- 6 || total
-------------------------+-------+-------++-------
Melee: Short sword       |   150 |   155 ||   305
       Tailslap          |    17 |    19 ||    36
       Falchion          |     2 |       ||     2
Throw: Stone             |       |     2 ||     2
 Cast: Infusion          |       |     1 ||     1
  Use: Potion            |       |     1 ||     1
 Stab: Sleeping          |     1 |       ||     1
  Eat: Chunk             |       |     2 ||     2
       Ration            |       |     1 ||     1
Armor: Skin              |    35 |    23 ||    58
Dodge: Dodged            |    72 |    57 ||   129
       Rpst.: Falchion   |     1 |       ||     1

Table legend:
 A = Non-vault XP
 B = Vault XP
 C = Vault XP percentage of total XP
 D = Non-vault monster count
 E = Vault monster count
 F = Vault count percentage of total count
                 A         B        C        D         E       F
            +---------+---------+-------+---------+---------+-------
      Total |     147 |      43 |  22.6 |      54 |       4 |   6.9
            +---------+---------+-------+---------+---------+-------
        D:1 |      30 |       5 |  14.3 |      17 |       3 |  15.0
        D:2 |     108 |      38 |  26.0 |      30 |       1 |   3.2
        D:3 |       9 |       0 |   0.0 |       7 |       0 |   0.0
            +---------+---------+-------+---------+---------+-------
